[Event "*** Titled Tuesday Blitz"]
[Site "Chess.com"]
[Date "2020.04.21"]
[Round "9"]
[White "Bastiandash"]
[Black "Zoffy13"]
[Result "1-0"]
[WhiteElo "1996"]
[BlackElo "2108"]
[TimeControl "180+1"]
[EndTime "11:49:31 PDT"]
[Termination "Bastiandash won on time"]

1. d4 Nf6 2. Nf3 g6 3. c3 Bg7 4. Bg5 O-O 5. Nbd2 d6 6. e4 Nc6 7.
Bc4 e5 8. dxe5 dxe5 9. O-O h6 10. Bh4 Qe8 11. Qc2 a6 12. a4 Be6 13. Bxe6 Qxe6 14. Rfd1 Rad8 15. Nf1 Qc4 16. Bxf6 Bxf6 17. Ne3 Qe6 18.
Rxd8 Rxd8 19. Rd1 Rxd1+ 20. Qxd1 Kg7 21. Nd5 Bd8 22. b4 f5 23. exf5 gxf5 24. b5 axb5 25.
axb5 Ne7 26. Nxe7 Bxe7 27. Qe2 Bf6 28. g3 Qb3 29. Nxe5 Qxc3 30. Nd7 Qc1+ 31. Kg2 Qc3 32.
Qe8 Qc4 33. Qf8+ Kg6 34. Qxf6+ Kh7 35. Qxf5+ Kg7 36. Qe5+ Kf7 37. Qf5+ Ke7 38. Nf6 c5 39. bxc6 bxc6 40. Qe4+ Kxf6 41. Qxc4 1-0

[Event "*** Titled Tuesday Blitz"]
[Site "Chess.com"]
[Date "2020.04.21"]
[Round "9"]
[White "Jeffinho023"]
[Black "SamuelGhimpu2003"]
[Result "0-1"]
[WhiteElo "2496"]
[BlackElo "2676"]
[TimeControl "180+1"]
[EndTime "11:49:32 PDT"]
[Termination "SamuelGhimpu2003 won by checkmate"]

1. d4 Nf6 2. Nf3 g6 3. g3 Bg7 4.
Bg2 O-O 5. O-O d5 6. c3 Bf5 7. Qb3 Qc8 8. Bg5 Nbd7 9. Nbd2 c6 10. Rfe1 Re8 11. Nh4 Be6 12. Qd1 h6 13. Bxf6 exf6 14. e4 dxe4 15. Nxe4 f5 16. Nd6 Qc7 17. Nxe8 Rxe8 18.
d5 cxd5 19. Bxd5 Kh7 20. Bxe6 fxe6 21. Nf3 e5 22. Qd5 Nb6 23. Qb5 Re7 24. Rad1 e4 25. Nd4 Nc4 26. Qd5 Nxb2 27. Ne6 Qc8 28. Rb1 Nd3 29.
Red1 Rxe6 30. Rxb7 a5 31. Ra7 Ra6 32. Rxa6 Qxa6 33.
Rb1 Qa7 34. Rb7 Qxf2+ 35. Kh1 Qf1# 0-1

[Event "*** Titled Tuesday Blitz"]
[Site "Chess.com"]
[Date "2020.04.21"]
[Round "9"]
[White "Nara_Kh"]
[Black "Karina_Ivanova"]
[Result "1-0"]
[WhiteElo "2368"]
[BlackElo "2230"]
[TimeControl "180+1"]
[EndTime "11:49:32 PDT"]
[Termination "Nara_Kh won by checkmate"]

1. e4 c6 2. Nc3 d5 3. Nf3 Bg4 4. h3 Bxf3 5. Qxf3 e6 6. d3 Nd7 7.
Bd2 Ne7 8. O-O-O Ng6 9. Qg3 Qb8 10. f4 b5 11. exd5 cxd5 12. h4 Bd6 13. Ne2 h5 14.
Qf3 f5 15. g3 Nf6 16. Nd4 Kf7 17. Re1 Re8 18. Bh3 a5 19. Re2 Qb6 20. c3 b4 21.
Rhe1 bxc3 22. Bxc3 Bc5 23. Nxe6 Rxe6 24. Bxf6 Rxe2 25. Rxe2 Kxf6 26. Qxd5 Be3+ 27. Kb1 Rf8 28. Qxf5+ Ke7 29. Qe4+ Kf7 30. Rxe3 Rd8 31. Be6+ Kf8 32. Qxg6 Qxe3 33. Qf7# 1-0

[Event "*** Titled Tuesday Blitz"]
[Site "Chess.com"]
[Date "2020.04.21"]
[Round "9"]
[White "TigrVShlyape"]
[Black "BursaBBSatranc"]
[Result "1-0"]
[WhiteElo "2855"]
[BlackElo "2543"]
[TimeControl "180+1"]
[EndTime "11:49:33 PDT"]
[Termination "TigrVShlyape won on time"]

1. g3 d5 2. Bg2 c6 3. f4 Nf6 4.
Nf3 Bg4 5. d3 Nbd7 6. Nc3 Qc7 7.
e4 dxe4 8. dxe4 e5 9. h3 Bxf3 10. Qxf3 Bc5 11. Bd2 h5 12. O-O-O O-O-O 13. f5 Nb6 14. b3 Ba3+ 15. Kb1 Nc4 16. Bg5 Qa5 17.
Rd3 Bb4 18. Na4 Na3+ 19. Kc1 b5 20. Nb2 Qb6 21. Rhd1 Rxd3 22. Nxd3 Bc3 23. Be3 Bd4 24. Bd2 Rd8 25. c3 Bc5 26. Nxc5 Qxc5 27. Qe3 Qe7 28.
Bf3 Kb7 29. Kb2 a5 30. Be1 Rxd1 31. Bxd1 b4 32. c4 Nd7 33. Bf2 1-0

[Event "*** Titled Tuesday Blitz"]
[Site "Chess.com"]
[Date "2020.04.21"]
[Round "9"]
[White "vanea_03"]
[Black "krasavetc"]
[Result "1-0"]
[WhiteElo "2660"]
[BlackElo "2489"]
[TimeControl "180+1"]
[EndTime "11:49:35 PDT"]
[Termination "vanea_03 won by resignation"]

1. d4 Nf6 2. c4 e6 3. g3 c5 4. Nf3 Be7 5. Bg2 O-O 6. O-O cxd4 7. Nxd4 a6 8. Nc3 Nc6 9. b3 Rb8 10. Nxc6 bxc6 11. Bf4 Ra8 12. e4 d6 13. e5 dxe5 14.
Bxe5 Bb7 15. Na4 Qa5 16. Qe1 Qxe1 17. Rfxe1 Rad8 18. Red1 Ba8 19. Nb6 Bb7 20. Bc7 Rxd1+ 21. Rxd1 Bc5 22. Na4 Bb4 23. Be5 Rc8 24. Nb6 Re8 25.
Bxf6 gxf6 26. Rd7 Rb8 27. Na4 Kf8 28. c5 Ba5 29. Bf3 Ke8 30. Rxb7 Rxb7 31. Bxc6+ Rd7 32. b4 Bd8 33. Nb6 Bxb6 34. cxb6 Kd8 35. Bxd7 Kxd7 36.
a4 Kc6 37. a5 1-0

[Event "*** Titled Tuesday Blitz"]
[Site "Chess.com"]
[Date "2020.04.21"]
[Round "9"]
[White "starworld123"]
[Black "KinKaiser"]
[Result "1-0"]
[WhiteElo "2629"]
[BlackElo "2478"]
[TimeControl "180+1"]
[EndTime "11:49:35 PDT"]
[Termination "starworld123 won on time"]

1. e4 c5 2. Nf3 d6 3. Bb5+ Bd7 4. Bxd7+ Qxd7 5. O-O Nc6 6. c3 e6 7. d4 cxd4 8. cxd4 Nf6 9. Nc3 Be7 10. d5 exd5 11. exd5 Ne5 12. Re1 Nxf3+ 13. Qxf3 O-O 14. Bg5 Rfe8 15. Re2 Bd8 16. Rae1 Rxe2 17. Rxe2 Be7 18. Qe3 Kf8 19. h3 a6 20. Qd3 Kg8 21. Qe3 Kf8 22.
Qb6 Re8 23. Bf4 Rd8 24. a4 h6 25. Qd4 Re8 26. Re3 Bd8 27. Rxe8+ Nxe8 28. Ne4 f5 29.
Nd2 Bf6 30. Qb4 g5 31. Be3 f4 32. Bd4 Kf7 33. Ne4 Qf5 34. Bxf6 Qxe4 35. Qxe4 1-0

[Event "*** Titled Tuesday Blitz"]
[Site "Chess.com"]
[Date "2020.04.21"]
[Round "9"]
[White "Savagelittlemole"]
[Black "DejanNestor64"]
[Result "1-0"]
[WhiteElo "2683"]
[BlackElo "2434"]
[TimeControl "180+1"]
[EndTime "11:49:36 PDT"]
[Termination "Savagelittlemole won on time"]

1. e4 c5 2. Ne2 e6 3. d4 cxd4 4. Nxd4 Bc5 5. Nb3 Bb6 6. Nc3 Ne7 7. Be2 O-O 8. O-O Nbc6 9. a4 f5 10. a5 Nxa5 11. Nxa5 Bxa5 12. Bd3 fxe4 13. Nxe4 d5 14.
Ng5 h6 15. Qh5 Nf5 16. Nf3 Bc7 17. Re1 Qf6 18. Bd2 e5 19. Bc3 d4 20. Bb4 Rf7 21. Nd2 Nd6 22. f3 Bf5 23. Bxd6 Bxd6 24. Bc4 Be6 25. Ne4 Qe7 26. Nxd6 Qxd6 27. Bd3 Bd7 28.
Rxe5 Bc6 29. Rae1 Rff8 30. Re6 Qd5 31. Qg6 Qg5 32. Qh7+ Kf7 33. Bg6+ 1-0

[Event "*** Titled Tuesday Blitz"]
[Site "Chess.com"]
[Date "2020.04.21"]
[Round "9"]
[White "Bacyanide"]
[Black "dukicz123"]
[Result "1-0"]
[WhiteElo "2440"]
[BlackElo "2575"]
[TimeControl "180+1"]
[EndTime "11:49:36 PDT"]
[Termination "Bacyanide won by resignation"]

1. d4 Nf6 2. Nf3 g6 3. c4 Bg7 4.
Nc3 O-O 5. e4 d6 6. Be2 e5 7.
O-O Nc6 8. d5 Ne7 9. Ne1 Nd7 10.
Nd3 f5 11. Bd2 Nf6 12. f3 f4 13. c5 g5 14. Rc1 Ng6 15. Nf2 Rf7 16. Nb5 Bf8 17.
Ba5 b6 18. cxb6 cxb6 19. Be1 h5 20. h3 Rg7 21. a4 Nh8 22. a5 Nf7 23. Rc6 Nh6 24.
axb6 axb6 25. Qc2 g4 26. fxg4 hxg4 27. hxg4 Bxg4 28. Nxg4 Nfxg4 29. Bf2 Qg5 30. Bf3 Qh5 31. Rc1 Qh2+ 32. Kf1 Ne3+ 33. Bxe3 fxe3 34. Nc7 Ra2 35. Ne6 Qh1+ 36. Ke2 Rxg2+ 37. Bxg2 Qxg2+ 38. Kd3 Qf3 39. Qe2 Qxe2+ 40. Kxe2 Rxb2+ 41. R1c2 1-0

[Event "*** Titled Tuesday Blitz"]
[Site "Chess.com"]
[Date "2020.04.21"]
[Round "9"]
[White "GukeshDommaraju"]
[Black "OparinGrigoriy"]
[Result "1-0"]
[WhiteElo "2711"]
[BlackElo "2885"]
[TimeControl "180+1"]
[EndTime "11:49:37 PDT"]
[Termination "GukeshDommaraju won by checkmate"]

1. e4 e5 2. Nf3 Nc6 3. Bb5 a6 4. Ba4 Nf6 5. O-O Nxe4 6. d4 b5 7.
Bb3 d5 8. dxe5 Be6 9. c3 Be7 10. Nbd2 O-O 11. Bc2 f5 12. exf6 Nxf6 13. Re1 Bg4 14.
h3 Bh5 15. Nf1 Bc5 16. Be3 Bxe3 17. Rxe3 d4 18. cxd4 Bxf3 19. Rxf3 Nxd4 20. Rc3 Qd6 21. Rc1 Rad8 22. Bb3+ Kh8 23. Ng3 Qf4 24. Qf1 Rd7 25. Ne2 Nxe2+ 26. Qxe2 Ne4 27. R3c2 c5 28. g3 Qf5 29. a4 c4 30. Ba2 Ng5 31. h4 Nf3+ 32.
Kg2 Qg4 33. Qe3 Nxh4+ 34. Kh2 Nf3+ 35. Kg2 Nh4+ 36. Kh2 Rdf7 37. Rh1 Rf3 38. Qc5 Nf5 39. Qxf8# 1-0

[Event "*** Titled Tuesday Blitz"]
[Site "Chess.com"]
[Date "2020.04.21"]
[Round "9"]
[White "Grischuk"]
[Black "Anton_Demchenko"]
[Result "1-0"]
[WhiteElo "3099"]
[BlackElo "2861"]
[TimeControl "180+1"]
[EndTime "11:49:39 PDT"]
[Termination "Grischuk won by checkmate"]

1. Nf3 Nf6 2. g3 g6 3. c4 Bg7 4.
Nc3 O-O 5. Bg2 d6 6. d4 Nbd7 7. O-O e5 8. e4 Re8 9. h3 exd4 10.
Nxd4 Nc5 11. Re1 Bd7 12. Rb1 a5 13. b3 h6 14. a3 Nh7 15. b4 axb4 16. axb4 Na4 17.
Nxa4 Rxa4 18. Be3 Ng5 19. Qc2 Qa8 20. Nb5 Rc8 21. h4 Nh7 22. Nc3 Ra3 23. Nd5 Kh8 24.
c5 Ra2 25. Qc1 dxc5 26. bxc5 h5 27. Rd1 Bc6 28. Nb4 Ra4 29. Nxc6 bxc6 30. Rd7 Kg8 31.
Bf4 Bd4 32. Bxc7 Nf8 33. Rxd4 Rxd4 34. Be5 Rd7 35. Bh3 Ne6 36. Qh6 Qa2 37. Qh8# 1-0

[Event "*** Titled Tuesday Blitz"]
[Site "Chess.com"]
[Date "2020.04.21"]
[Round "9"]
[White "Stormeman100100"]
[Black "colegiodemadrid"]
[Result "1-0"]
[WhiteElo "2450"]
[BlackElo "2298"]
[TimeControl "180+1"]
[EndTime "11:49:39 PDT"]
[Termination "Stormeman100100 won by resignation"]

1. e4 e5 2. Nf3 c6 3. Nxe5 Qe7 4. Nf3 Qxe4+ 5. Be2 d5 6. O-O Be7 7. Nc3 Qb4 8. d4 Nf6 9. Ne5 O-O 10. a3 Qb6 11. Bf4 Bf5 12. b4 a5 13. b5 a4 14. Rb1 c5 15. Bf3 Rd8 16. g4 cxd4 17. Ne2 Be4 18. Nxd4 Bc5 19. c3 Bxb1 20. Qxb1 Bxa3 21. g5 Nfd7 22.
Nxf7 Rf8 23. Bxd5 Rxf7 24. Bxf7+ Kxf7 25. Qa2+ Ke7 26. Re1+ Kd8 27. Qg8+ Bf8 28. Ne6+ Kc8 29. Nxf8 Qd8 30. Qc4+ Nc6 31. bxc6 Ne5 32. Qe6+ Kc7 33. Bxe5+ Kb6 34. c7+ 1-0

[Event "*** Titled Tuesday Blitz"]
[Site "Chess.com"]
[Date "2020.04.21"]
[Round "9"]
[White "Jbd735"]
[Black "talaicito"]
[Result "1-0"]
[WhiteElo "2441"]
[BlackElo "2290"]
[TimeControl "180+1"]
[EndTime "11:49:39 PDT"]
[Termination "Jbd735 won by checkmate"]

1. e4 e6 2. d4 d5 3. Nd2 Nf6 4. e5 Nfd7 5. Bd3 c5 6. c3 Nc6 7.
Ne2 cxd4 8. cxd4 f6 9. exf6 Nxf6 10. Nf3 Qc7 11. Bf4 Bb4+ 12. Nd2 Bd6 13. Bxd6 Qxd6 14. O-O O-O 15. Nf3 e5 16. dxe5 Nxe5 17. Nxe5 Qxe5 18. h3 Qxb2 19. Nd4 Kh8 20. Bc2 a6 21. Qd3 Qb6 22. Rab1 Qd6 23. Rfe1 b5 24. a4 b4 25. a5 Bd7 26. Re3 Rae8 27. Rbe1 Rxe3 28. Rxe3 Re8 29. Rxe8+ Bxe8 30. Nf5 Qe6 31. Qg3 g6 32. Nd4 Qe1+ 33.
Kh2 Bd7 34. Qd6 Kg7 35. Nf3 Qe2 36. Ne5 Bb5 37. Qe7+ Kh6 38. Qxf6 Qxc2 39. Nf7+ Kh5 40. Qg5# 1-0

[Event "*** Titled Tuesday Blitz"]
[Site "Chess.com"]
[Date "2020.04.21"]
[Round "9"]
[White "Caracternin123"]
[Black "kpio91"]
[Result "0-1"]
[WhiteElo "2642"]
[BlackElo "2775"]
[TimeControl "180+1"]
[EndTime "11:49:41 PDT"]
[Termination "kpio91 won by resignation"]

1. d4 c5 2. d5 g6 3. Nc3 Bg7 4.
e4 a6 5. a4 d6 6. Nf3 Nf6 7. Be2 O-O 8. O-O Bg4 9. h3 Bxf3 10.
Bxf3 Nbd7 11. Bf4 Rb8 12. a5 Ne8 13. Re1 Nc7 14. Be2 b5 15. axb6 Rxb6 16. Qc1 Qb8 17. Ra2 Rb4 18. Bd3 Ne5 19. Bf1 Nc4 20. Bxc4 Rxc4 21.
Nd1 f5 22. Bg5 Rf7 23. exf5 Nxd5 24. fxg6 hxg6 25. Ne3 Nxe3 26. Qxe3 Rxc2 27. Bh4 Rxb2 28. Rxa6 Rb1 29. Kh2 Be5+ 30. g3 Bd4 31. Qe4 Rxf2+ 32. Kh1 Rxe1+ 33. Qxe1 Qb7+ 0-1

[Event "*** Titled Tuesday Blitz"]
[Site "Chess.com"]
[Date "2020.04.21"]
[Round "9"]
[White "andy_rekt"]
[Black "CookiesAndIceCream"]
[Result "0-1"]
[WhiteElo "2240"]
[BlackElo "2381"]
[TimeControl "180+1"]
[EndTime "11:49:41 PDT"]
[Termination "CookiesAndIceCream won on time"]

1. d4 d5 2. c4 c6 3. Nf3 Nf6 4. Qc2 dxc4 5. e4 b5 6. b3 cxb3 7. axb3 Bb7 8. Bd2 a5 9. Bd3 e6 10. O-O Be7 11. Nc3 h6 12. e5 Nd5 13. Nxd5 exd5 14. e6 O-O 15. exf7+ Rxf7 16. Ne5 Rf6 17. Bh7+ Kh8 18. Bg6 Qf8 19. Bh5 Kg8 20. Rae1 Bd6 21. Ng4 Nd7 22. Nxf6+ Nxf6 23. Bg6 a4 24. bxa4 bxa4 25.
Qd3 Ba6 26. Qh3 Bxf1 27. Kxf1 a3 28. Qe6+ Kh8 29. Bg5 Ne4 30. Bxe4 dxe4 31. Bd2 a2 32. Bc3 Bb4 33. Qc4 e3 0-1

[Event "*** Titled Tuesday Blitz"]
[Site "Chess.com"]
[Date "2020.04.21"]
[Round "9"]
[White "Quattroporte300"]
[Black "Kaponov"]
[Result "1-0"]
[WhiteElo "2271"]
[BlackElo "2115"]
[TimeControl "180+1"]
[EndTime "11:49:41 PDT"]
[Termination "Quattroporte300 won by checkmate"]

1. e4 c5 2. Nf3 Nc6 3. d4 cxd4 4. Nxd4 Nf6 5. Nc3 e5 6. Ndb5 d6 7. Bg5 a6 8. Na3 b5 9. Bxf6 gxf6 10. Nd5 Bg7 11. g3 O-O 12. Bg2 Ne7 13. c3 Nxd5 14. Qxd5 Be6 15. Qd2 Ra7 16. Nc2 f5 17. O-O fxe4 18.
Bxe4 d5 19. Bg2 Rd7 20. Rfe1 Qf6 21. Nb4 a5 22. Nc6 e4 23. Nxa5 Qg6 24. Nb3 f5 25.
Nc5 Rd6 26. Rad1 d4 27. Qf4 Rfd8 28. Nxe6 Qxe6 29. cxd4 Bxd4 30. Rc1 e3 31. fxe3 Bxe3+ 32. Qxe3 Qxa2 33. Qg5+ Kh8 34. Rc7 Qxb2 35. Qxf5 Rf6 36. Qxh7# 1-0

[Event "*** Titled Tuesday Blitz"]
[Site "Chess.com"]
[Date "2020.04.21"]
[Round "9"]
[White "GelmanAlexander"]
[Black "SirMittensofMittensville"]
[Result "0-1"]
[WhiteElo "2502"]
[BlackElo "2680"]
[TimeControl "180+1"]
[EndTime "11:49:43 PDT"]
[Termination "SirMittensofMittensville won on time"]

1. c4 e6 2. Nf3 Nf6 3. d3 d5 4.
Nbd2 Be7 5. Rg1 O-O 6. g4 c5 7. g5 Ne8 8. h4 Nc6 9. a3 Nd6 10. b3 b5 11. cxd5 exd5 12. Bb2 c4 13. e3 Qa5 14. Rc1 Be6 15. h5 Rac8 16. bxc4 bxc4 17. h6 g6 18. Be2 cxd3 19. Bxd3 Ne4 20. Ke2 Bxa3 21. Bxa3 Qxa3 22. Bxe4 dxe4 23. Nxe4 Qa2+ 24.
Nfd2 Rfd8 25. f4 Nb4 26. Rxc8 Bxc8 27. Qc1 Ba6+ 28. Kf3 Bb7 29. Qc3 f6 30. Qxf6 Rd7 31.
Qe6+ Qxe6 32. Rc1 Rxd2 0-1

[Event "*** Titled Tuesday Blitz"]
[Site "Chess.com"]
[Date "2020.04.21"]
[Round "9"]
[White "korkmaz16"]
[Black "LifeIsAllAboutChess23"]
[Result "1-0"]
[WhiteElo "2293"]
[BlackElo "2034"]
[TimeControl "180+1"]
[EndTime "11:49:43 PDT"]
[Termination "korkmaz16 won by checkmate"]

1. e4 b6 2. d4 Bb7 3. Bd3 e6 4. Ne2 Nf6 5. f3 Be7 6. O-O c5 7. c3 Ba6 8. Bxa6 Nxa6 9. d5 d6 10. dxe6 fxe6 11. Qa4+ Qd7 12. Qxa6 b5 13. Rd1 O-O 14.
e5 Nd5 15. exd6 Bxd6 16. c4 bxc4 17. Nbc3 Nb6 18. Bf4 Rxf4 19. Nxf4 Qc6 20. Nxe6 Re8 21. Re1 Qd7 22. Ng5 Be5 23. Rad1 Bd4+ 24. Kh1 h6 25.
Nge4 Re5 26. Qb5 Qf7 27. Nd6 Rxe1+ 28. Rxe1 Qf4 29. Qe8+ Kh7 30. Qe4+ Qxe4 31. Ndxe4 a5 32. Nd6 a4 33. a3 Kg6 34. Re6+ Kh7 35. g3 Nd7 36. Nxc4 Nf6 37. Nxa4 Nd5 38. Kg2 Kg8 39. Rc6 Kf7 40. Nxc5 Bxc5 41. Rxc5 Ke7 42. Rxd5 Ke6 43. Rd6+ Ke7 44. a4 g5 45. a5 Kf7 46. a6 Kg7 47. a7 h5 48. a8=Q g4 49. Qb7+ Kf8 50.
Rd8# 1-0

[Event "*** Titled Tuesday Blitz"]
[Site "Chess.com"]
[Date "2020.04.21"]
[Round "9"]
[White "DoHoChess"]
[Black "Shota_Azaladze"]
[Result "0-1"]
[WhiteElo "2567"]
[BlackElo "2758"]
[TimeControl "180+1"]
[EndTime "11:49:44 PDT"]
[Termination "Shota_Azaladze won by resignation"]

1. d4 g6 2. e4 Bg7 3. c4 c5 4.
Nf3 Nc6 5. d5 Nd4 6. Nc3 d6 7.
Nxd4 Bxd4 8. Bd3 Bg7 9. O-O Nf6 10. f4 O-O 11. Qf3 e6 12. dxe6 fxe6 13. Be3 Nd7 14. Qh3 Nb8 15. e5 Nc6 16. Ne4 dxe5 17. Ng5 h6 18. Bxg6 exf4 19. Nf7 Rxf7 20. Bxf7+ Kxf7 21. Rxf4+ Kg8 22. Rg4 Ne5 23. Rxg7+ Kxg7 24. Qxh6+ Kg8 25.
Rf1 Qe7 26. Qh5 Qg7 27. Bh6 Qg4 28. Rf8+ Kh7 29. Qxe5 Qd1+ 30. Kf2 Qd4+ 31. Qxd4 cxd4 32. Bf4 Kg7 33. Rd8 Kf6 34. h4 e5 35. Bg5+ Kf5 36.
Rf8+ Kg6 37. c5 b6 38. c6 e4 39. Rd8 e3+ 40. Ke1 Kf5 41. c7 Ke4 42. Bf6 d3 43. Re8+ Kf5 44. Bg5 d2+ 45. Kd1 Kg6 46. Bxe3 Bg4+ 0-1

[Event "*** Titled Tuesday Blitz"]
[Site "Chess.com"]
[Date "2020.04.21"]
[Round "9"]
[White "otrov-11"]
[Black "vaishali2001"]
[Result "1-0"]
[WhiteElo "2388"]
[BlackElo "2471"]
[TimeControl "180+1"]
[EndTime "11:49:44 PDT"]
[Termination "otrov-11 won by resignation"]

1. d4 Nf6 2. c4 Nc6 3. Nf3 e6 4.
g3 Bb4+ 5. Bd2 Qe7 6. Bg2 Bxd2+ 7. Nbxd2 d6 8. e4 e5 9. d5 Nb8 10. O-O Bg4 11. Qc2 Bxf3 12. Bxf3 Nbd7 13. b4 h5 14. Nb3 h4 15. c5 O-O 16. Rac1 g6 17. Na5 Rab8 18. c6 bxc6 19. Nxc6 Qe8 20. Nxb8 Qxb8 21.
a3 Kg7 22. Qxc7 Qb5 23. Qc4 Qb6 24. Qc6 Qd4 25. Qxd6 hxg3 26. hxg3 Nxe4 27. Qxd7 Rh8 28. Rc7 Ng5 29. Bg2 e4 30. Qe7 Rh5 31. d6 Qd5 32. d7 Nh3+ 33. Bxh3 Rxh3 34. d8=Q Rxg3+ 35. fxg3 1-0

[Event "*** Titled Tuesday Blitz"]
[Site "Chess.com"]
[Date "2020.04.21"]
[Round "9"]
[White "politeplayer"]
[Black "pedroholly22"]
[Result "0-1"]
[WhiteElo "2179"]
[BlackElo "2330"]
[TimeControl "180+1"]
[EndTime "11:49:44 PDT"]
[Termination "pedroholly22 won by checkmate"]

1. e4 d5 2. exd5 Qxd5 3. Nc3 Qd6 4. g3 a6 5. Bg2 Nf6 6. d4 c5 7. d5 g6 8. Bf4 Qd8 9. d6 Bg7 10. Qe2 e6 11. Nf3 O-O 12. Rd1 Ra7 13. O-O b5 14. d7 Nbxd7 15. Bd6 Re8 16. Bxc5 Rb7 17. Ne5 Rc7 18. Nc6 Rxc6 19. Bxc6 Qc7 20. Bxd7 Bxd7 21. Bd6 Qb7 22. Be5 Bc6 23. f3 b4 24. Ne4 Nxe4 25. Bxg7 Kxg7 26. fxe4 Bb5 27. Qf3 Bxf1 28. Rxf1 Rc8 29. Qf6+ Kg8 30. h4 Rxc2 31. h5 Qc7 32. Kh1 Rc1 33. Rxc1 Qxc1+ 34. Kg2 Qc2+ 35. Kh3 Qxe4 36. Qd8+ Kg7 37. h6+ Kxh6 38. Qf8+ Kh5 39. Qg7 Qh1# 0-1

[Event "*** Titled Tuesday Blitz"]
[Site "Chess.com"]
[Date "2020.04.21"]
[Round "9"]
[White "Firehand33"]
[Black "want2lose"]
[Result "1-0"]
[WhiteElo "2748"]
[BlackElo "2904"]
[TimeControl "180+1"]
[EndTime "11:49:47 PDT"]
[Termination "Firehand33 won on time"]

1. g3 g6 2. Bg2 Bg7 3. c4 Nf6 4. Nc3 c5 5. e3 O-O 6. Nge2 Nc6 7. O-O d6 8. d3 Rb8 9. b3 Bd7 10. Bb2 a6 11. Qd2 b5 12. Rad1 Qc8 13. Qc1 Bh3 14. Qa1 Bxg2 15. Kxg2 Qb7 16. Nd5 Nb4 17. e4 Nbxd5 18. exd5 e5 19. h3 Qe7 20. Rde1 Rfe8 21. f4 Nd7 22. Ng1 f5 23. Nf3 bxc4 24. dxc4 e4 25.
Ng5 Bxb2 26. Qxb2 Nf8 27. h4 h6 28. Nh3 Nh7 29. Nf2 Nf6 30. Nd1 Ng4 31. Ne3 Nxe3+ 32.
Rxe3 Qg7 33. Qxg7+ Kxg7 34. Kf2 a5 35. a4 Rb4 36.
Rc1 Reb8 37. Rcc3 Kf6 38. Kg2 R4b7 39. Kf2 g5 40. h5 Rg8 41. Re1 gxf4 42. gxf4 Rg4 43.
Rg1 Rxf4+ 44. Ke3 Rf3+ 45. Kd2 Rxc3 46. Rg6+ Ke5 47. Kxc3 f4 48. Re6+ Kf5 49. Rxd6 1-0

[Event "*** Titled Tuesday Blitz"]
[Site "Chess.com"]
[Date "2020.04.21"]
[Round "9"]
[White "ArnaudovP"]
[Black "2L8IWUN"]
[Result "0-1"]
[WhiteElo "2625"]
[BlackElo "2477"]
[TimeControl "180+1"]
[EndTime "11:49:47 PDT"]
[Termination "2L8IWUN won by checkmate"]

1. Nf3 d5 2. c4 e6 3. g3 Nf6 4.
Bg2 dxc4 5. O-O a6 6. Qc2 b5 7. Ne1 Nd5 8. d3 cxd3 9. Nxd3 Bb7 10. Nc3 c6 11. e4 Nb4 12. Nxb4 Bxb4 13. e5 Bxc3 14.
Qxc3 O-O 15. h4 Nd7 16. Rd1 Qc7 17. Be3 Rfd8 18. Bg5 Rdc8 19. Qd4 Nb6 20. Rac1 Nd5 21. Bxd5 exd5 22. b4 Qd7 23. Qf4 h6 24. Bxh6 gxh6 25. Qxh6 Qe6 26. Qg5+ Qg6 27. Qe3 Re8 28. Rd4 f6 29. Qf3 f5 30. Re1 Bc8 31. Qc3 Bd7 32. Kh2 Ra7 33. Qc5 Rb7 34. Rxd5 cxd5 35. Qxd5+ Qe6 36.
Qxb7 Bc6 37. Qc7 Qd5 38. Rg1 Rxe5 39. h5 Qf3 40. Qxe5 Qxh5# 0-1

[Event "*** Titled Tuesday Blitz"]
[Site "Chess.com"]
[Date "2020.04.21"]
[Round "9"]
[White "DaggiGretarsson"]
[Black "stasiek18"]
[Result "1-0"]
[WhiteElo "2590"]
[BlackElo "2413"]
[TimeControl "180+1"]
[EndTime "11:49:47 PDT"]
[Termination "DaggiGretarsson won on time"]

1. d4 d5 2. Nf3 Nf6 3. g3 g6 4. Bg2 Bg7 5. O-O O-O 6. c4 dxc4 7. Na3 Nc6 8. Nxc4 Be6 9. b3 Bd5 10. e3 a5 11. Bb2 a4 12. Qc2 e6 13. Ba3 Re8 14. Ncd2 Bxf3 15. Nxf3 Nd5 16. bxa4 Nb6 17. Rab1 Ra6 18. Bc5 Qa8 19. Qb3 Nxa4 20. Qxb7 Nxc5 21. dxc5 Qxb7 22. Rxb7 Rxa2 23. Rxc7 Ne5 24. Nd4 Nd3 25.
c6 Be5 26. Rb7 Bxd4 27. exd4 Ra4 28. Be4 Nb4 29. c7 Na6 30. Rc1 Rc8 31. Ra7 Kf8 32. Bb7 1-0

[Event "*** Titled Tuesday Blitz"]
[Site "Chess.com"]
[Date "2020.04.21"]
[Round "9"]
[White "joksijoksi"]
[Black "algatar2020"]
[Result "0-1"]
[WhiteElo "2356"]
[BlackElo "1983"]
[TimeControl "180+1"]
[EndTime "11:49:47 PDT"]
[Termination "algatar2020 won by resignation"]

1. e4 g6 2. d4 d6 3. Nc3 Bg7 4. g3 Nf6 5. Bg2 Nbd7 6. Nge2 e5 7. O-O O-O 8. h3 c6 9. a4 Qc7 10. Be3 a5 11. g4 b6 12. Qd2 Ba6 13. f4 Rae8 14. dxe5 dxe5 15. f5 Rd8 16. g5 Nh5 17. Qe1 Rfe8 18. Qf2 Nf4 19. Nxf4 Bxf1 20. Nfd5 cxd5 21.
Nxd5 Qd6 22. Rxf1 Nc5 23. Nxb6 Qxb6 24. Bxc5 Qxb2 25. fxg6 fxg6 26. Qf7+ Kh8 27. Be7 Qb6+ 28. Kh1 Rc8 29. Bf6 Bxf6 30. gxf6 Qc7 31. Qd5 Rf8 32.
f7 Rcd8 33. Qe6 Qd6 34. Qb3 Kg7 35. Rf2 Rd7 36. Bf1 Rdxf7 37. Rxf7+ Rxf7 38. Qe3 Qd4 39. Kg2 0-1

[Event "*** Titled Tuesday Blitz"]
[Site "Chess.com"]
[Date "2020.04.21"]
[Round "9"]
[White "BogdanDeac"]
[Black "Dynamikus"]
[Result "0-1"]
[WhiteElo "2896"]
[BlackElo "2756"]
[TimeControl "180+1"]
[EndTime "11:49:48 PDT"]
[Termination "Dynamikus won on time"]

1. e4 c5 2. Nf3 d6 3. d4 cxd4 4. Nxd4 Nf6 5. Nc3 a6 6. f3 e5 7. Nb3 Be6 8. Be3 h5 9. Qd2 Nbd7 10. Nd5 Bxd5 11. exd5 g6 12. O-O-O Bg7 13. Be2 a5 14. a4 O-O 15. Bb5 Qc7 16. Kb1 Nb6 17. Bxb6 Qxb6 18. h3 e4 19. Rde1 exf3 20. gxf3 Ne8 21. f4 Nc7 22. Bc4 f5 23. Rhg1 Kh7 24. Qg2 Rf6 25. Re7 Re8 26. Rxe8 Nxe8 27. Re1 Qd8 28. Qe2 Nc7 29.
Qe7 Qc8 30. Nxa5 Rf8 31. Qxd6 Rd8 32. Qc5 Bf8 0-1

[Event "*** Titled Tuesday Blitz"]
[Site "Chess.com"]
[Date "2020.04.21"]
[Round "9"]
[White "PredragNikac"]
[Black "pedromartinez91"]
[Result "0-1"]
[WhiteElo "2279"]
[BlackElo "2435"]
[TimeControl "180+1"]
[EndTime "11:49:48 PDT"]
[Termination "pedromartinez91 won by checkmate"]

1. d4 Nf6 2. Bg5 Ne4 3. h4 c5 4. d5 Qb6 5. Nd2 Nxd2 6. Bxd2 h6 7. Bc3 d6 8. e4 Nd7 9. Nf3 Nf6 10. Nd2 e5 11. a4 Be7 12. Bb5+ Bd7 13. Nc4 Qc7 14. f3 Nh5 15. g4 Nf4 16. Kf2 O-O 17.
Bd2 Bc8 18. Bxf4 exf4 19. a5 Bf6 20. c3 Qe7 21. g5 hxg5 22. hxg5 Bxg5 23. Qg1 Bh4+ 24.
Rxh4 Qxh4+ 25. Ke2 Rd8 26. Rf1 Bh3 27. Rf2 Qg3 28. Qh1 g5 29. Nd2 g4 30. Ke1 Kg7 31.
fxg4 Rh8 32. Be2 Bxg4 33. Qf1 Bxe2 34. Kxe2 Rh2 35. Rxh2 Qxh2+ 36. Kd3 Rh8 37. Qd1 Rh3+ 38. Kc4 Qg2 39. e5 f3 40. exd6 Rh4+ 41. Kxc5 Qf2+ 42. Kb5 a6# 0-1

[Event "*** Titled Tuesday Blitz"]
[Site "Chess.com"]
[Date "2020.04.21"]
[Round "9"]
[White "dalmatinac101"]
[Black "Infernal_XaM"]
[Result "0-1"]
[WhiteElo "2821"]
[BlackElo "2955"]
[TimeControl "180+1"]
[EndTime "11:49:49 PDT"]
[Termination "Infernal_XaM won by checkmate"]

1. e4 c6 2. Nc3 d5 3. Nf3 Bg4 4. h3 Bh5 5. exd5 cxd5 6. g4 Bg6 7. Ne5 Nc6 8. d4 e6 9. h4 f6 10. h5 fxe5 11. hxg6 Nf6 12. g5 exd4 13. gxf6 dxc3 14. Rxh7 Qxf6 15. Rxh8 cxb2 16. Bxb2 Qxb2 17. Rb1 Qe5+ 18.
Qe2 O-O-O 19. Qxe5 Nxe5 20. Bh3 Nxg6 21. Rh5 Nf4 22. Rh4 Bd6 23. Kf1 Kc7 24. Rh7 Rd7 25.
Re1 Re7 26. Bg4 e5 27. Rh8 b6 28. f3 Bc5 29. c3 g6 30. Rd1 Kc6 31. a4 e4 32.
fxe4 Rxe4 33. Rc8+ Kb7 34. Rg8 Re3 35. Bc8+ Kc7 36.
Bg4 Rg3 37. Bc8 Rg1# 0-1